Pittsburgh Penguins vs St.Louis Blues
Created - Tuesday, March 28, 2023 at 07:28
Goals
|
| Pittsburgh Penguins |
1 |
2 |
0 |
1 |
4 |
| St.Louis Blues |
0 |
1 |
2 |
0 |
3 |
|
Shots
|
| Pittsburgh Penguins |
14 |
12 |
10 |
2 |
38 |
| St.Louis Blues |
7 |
15 |
13 |
0 |
35 |
|
1st period
1. Pittsburgh Penguins , Reilly Smith 2 (Chris Tanev 6, Ryan Johansen 7) at 17:09
Penalties :
Alex Tuch (STL) for Tripping (Minor) at 0:09, Ryan Suter (PIT) for Interference (Minor) at 6:19, Leon Draisaitl (PIT) for Interference (Minor) at 13:23
2nd period
2. St.Louis Blues , Jake Guentzel 7 (Alex Tuch 3, Alex Pietrangelo 10) at 9:45
3. Pittsburgh Penguins , Jeff Carter 5 (Pavel Buchnevich 5, Jean-Gabriel Pageau 5) at 11:45
4. Pittsburgh Penguins , Mitch Marner 6 (Sam Reinhart 10, Leon Draisaitl 12) at 19:41 (PP)
Penalties :
Alex Pietrangelo (STL) for Roughing (Minor) at 11:48, Alex Pietrangelo (STL) for Tripping (Minor) at 17:54, Jake Guentzel (STL) for Kneeing (Minor) at 19:52
3rd period
5. St.Louis Blues , Joe Pavelski 6 (Jack Eichel 8, Evander Kane 7) at 3:08
6. St.Louis Blues , Alex DeBrincat 8 (Robert Thomas 6, Jake Guentzel 7) at 7:45 (PP)
Penalties :
Leon Draisaitl (PIT) for Hooking (Minor) at 7:28
Overtime #1
7. Pittsburgh Penguins , Sam Reinhart 10 (Jeff Carter 3, Ryan Suter 5) at 0:55
Penalties :
No Penalty
Goalie Stats
Jonathan Quick (PIT), 32 saves from 35 shots - (0.914), W, 7-4-0, 60:55 minutes
Frederik Andersen (STL), 34 saves from 38 shots - (0.895), OTL, 6-2-1, 60:55 minutes
Players Stats for Pittsburgh Penguins
Player Name G A P +/- PIM S H SB GA TA FO MP PP MP PK MP
------------------------------------------------------------------------------------
Anton Stralman 0 0 0 2 0 0 0 1 0 0 0/0 21:13 4:15 1:40
Blake Coleman 0 0 0 0 0 0 1 0 0 0 0/0 10:40 0:00 0:00
Chris Tanev 0 1 1 -1 0 0 0 0 0 0 0/0 12:47 0:00 0:00
Colton Sissons 0 0 0 0 0 2 2 0 0 1 2/5 8:45 0:00 0:00
Erik Gudbranson 0 0 0 0 0 1 2 1 0 0 0/0 9:48 0:00 0:11
Erik Karlsson 0 0 0 0 0 0 0 1 1 2 0/0 26:55 3:29 2:35
Jean-Gabriel Pageau 0 1 1 0 0 4 1 3 0 0 7/12 13:27 0:00 0:45
Jeff Carter 1 1 2 1 0 4 2 0 0 0 3/4 15:58 2:47 1:02
Jordan Eberle 0 0 0 0 0 2 0 0 0 0 1/2 10:22 0:00 1:16
Leon Draisaitl 0 1 1 0 4 2 1 1 0 1 16/30 23:05 4:57 1:12
Mattias Ekholm 0 0 0 0 0 1 3 0 0 0 0/0 26:55 3:29 2:35
Mitch Marner 1 0 1 0 0 4 1 0 2 0 0/1 24:10 4:57 2:29
Pavel Buchnevich 0 1 1 0 0 6 0 2 0 1 1/1 15:48 2:47 0:44
Reilly Smith 1 0 1 0 0 2 1 0 0 0 0/0 10:59 0:00 0:00
Ryan Johansen 0 1 1 0 0 3 2 0 0 1 2/6 13:28 2:47 0:00
Ryan Suter 0 1 1 2 2 2 0 1 1 1 0/0 19:27 4:15 0:51
Sam Reinhart 1 1 2 1 0 5 0 0 0 1 0/1 22:10 4:57 1:02
T.J. Brodie 0 0 0 -1 0 0 0 0 0 0 0/0 13:25 0:00 0:38
Players Stats for St.Louis Blues
Player Name G A P +/- PIM S H SB GA TA FO MP PP MP PK MP
------------------------------------------------------------------------------------
Alex DeBrincat 1 0 1 -1 0 1 1 1 0 0 0/1 13:20 2:04 0:03
Alex Pietrangelo 0 1 1 0 4 2 0 1 0 0 0/0 23:10 1:35 0:00
Alex Tuch 0 1 1 1 2 3 1 0 0 1 0/2 20:52 2:11 0:55
Colton Parayko 0 0 0 0 0 2 1 1 0 0 0/0 27:07 0:00 5:35
Danny DeKeyser 0 0 0 -1 0 1 0 1 0 0 0/0 17:40 0:00 5:35
Elias Pettersson 0 0 0 1 0 5 0 0 2 0 11/28 21:19 2:11 1:17
Evander Kane 0 1 1 0 0 2 2 0 0 1 0/0 13:50 2:04 0:00
Frederick Gaudreau 0 0 0 -1 0 1 0 0 2 0 7/10 11:38 0:00 3:32
Jack Eichel 0 1 1 1 0 2 3 0 0 0 2/4 11:32 0:00 0:00
Jake Guentzel 1 1 2 1 2 3 1 0 2 2 0/1 19:47 2:40 0:00
Jimmy Vesey 0 0 0 -1 0 1 1 0 1 0 0/0 12:00 0:00 3:39
Joe Pavelski 1 0 1 1 0 4 0 0 0 0 2/2 13:48 2:11 0:00
Jonas Brodin 0 0 0 0 0 2 0 2 0 0 0/0 17:05 0:00 2:09
Morgan Rielly 0 0 0 0 0 0 1 0 1 0 0/0 17:36 2:40 0:00
Niko Mikkola 0 0 0 -1 0 0 1 1 0 0 0/0 14:37 0:00 2:09
Ondrej Kase 0 0 0 -1 0 2 1 0 0 0 1/1 10:45 0:00 3:01
Robert Thomas 0 1 1 -1 0 3 0 0 0 0 6/11 16:37 2:04 3:01
Tage Thompson 0 0 0 -2 0 1 0 0 0 0 1/2 13:09 1:35 0:00
3 Stars
1 - Jeff Carter (PIT)
2 - Sam Reinhart (PIT)
3 - Jake Guentzel (STL)
Power Play
Pittsburgh Penguins - 1 on 4 Attempt(s) - 25.00%
St.Louis Blues - 1 on 3 Attempt(s) - 33.33%
Penalty Kill
Pittsburgh Penguins - 2 on 3 Attempt(s) - 66.67%
- Score 0 goal in Penalty Kill
St.Louis Blues - 3 on 4 Attempt(s) - 75.00%
- Score 0 goal in Penalty Kill
Team Stat
Pittsburgh Penguins - Hits : 16 - Faceoff Wins : 32 - Blocked Shots : 10 - Penalty Minutes : 6
St.Louis Blues - Hits : 13 - Faceoff Wins : 30 - Blocked Shots : 7 - Penalty Minutes : 8
Official
Referees : Dan O'Rourke and Mike Hasenfratz
Linesman : John Grandt and Mike Cvik
Game Notes
No Game Note
Finance
Level 1 -- Attendance: 6000 (100.00%) -- Ticket Income $582,000
Level 2 -- Attendance: 4461 (89.22%) -- Ticket Income $254,277
Level 3 -- Attendance: 3000 (100.00%) -- Ticket Income $102,000
Level 4 -- Attendance: 4557 (91.14%) -- Ticket Income $104,811
Luxury Box -- Attendance: 1000 (100.00%) -- Ticket Income $194,000
Game was played at the Scottrade Center.
Total Attendance: 19018 (95.09%)
Total Ticket Income: $1,237,088
Other Income: $432,981
Total Income: $1,670,069
Pittsburgh Penguins
5 vs 5 Forward
Center Left Wing Right Wing Time % Phy DF OF
1 Leon Draisaitl Mitch Marner Sam Reinhart 40 1 2 2
2 Jean-Gabriel Pageau Pavel Buchnevich Jeff Carter 30 1 2 2
3 Ryan Johansen Blake Coleman Reilly Smith 20 1 2 2
4 Colton Sissons Erik Gudbranson Jordan Eberle 10 1 2 2
5 vs 5 Defense
Defense Defense Time % Phy DF OF
1 Erik Karlsson Mattias Ekholm 40 1 2 2
2 Ryan Suter Anton Stralman 30 1 2 2
3 Chris Tanev T.J. Brodie 20 1 2 2
4 Erik Karlsson Mattias Ekholm 10 1 2 2
PowerPlay Forward
Center Left Wing Right Wing Time % Phy DF OF
1 Leon Draisaitl Mitch Marner Sam Reinhart 60 1 2 2
2 Jeff Carter Pavel Buchnevich Ryan Johansen 40 1 2 2
PowerPlay Defense
Defense Defense Time % Phy DF OF
1 Erik Karlsson Mattias Ekholm 60 1 2 2
2 Ryan Suter Anton Stralman 40 1 2 2
Penalty Kill 4 Players Forward
Center Wing Time % Phy DF OF
1 Leon Draisaitl Mitch Marner 60 1 2 2
2 Sam Reinhart Jeff Carter 40 1 2 2
Penalty Kill 4 Players Defense
Defense Defense Time % Phy DF OF
1 Erik Karlsson Mattias Ekholm 60 1 2 2
2 Ryan Suter Anton Stralman 40 1 2 2
Penalty Kill - 3 Players Forward
Forward Time % Phy DF OF
1 Leon Draisaitl 60 1 2 2
2 Mitch Marner 40 1 2 2
Penalty Kill - 3 Players Defense
Defense Defense Time % Phy DF OF
1 Erik Karlsson Mattias Ekholm 60 1 2 2
2 Ryan Suter Anton Stralman 40 1 2 2
4 vs 4 Forward
Center Wing Time % Phy DF OF
1 Leon Draisaitl Mitch Marner 60 1 2 2
2 Sam Reinhart Jeff Carter 40 1 2 2
4 vs 4 Defense
Defense Defense Time % Phy DF OF
1 Erik Karlsson Mattias Ekholm 60 1 2 2
2 Ryan Suter Anton Stralman 40 1 2 2
Last Minutes Offensive
Center Left Wing Right Wing Defense Defense
Leon Draisaitl Mitch Marner Sam Reinhart Erik Karlsson Mattias Ekholm
Last Minutes Defensive
Center Left Wing Right Wing Defense Defense
Leon Draisaitl Mitch Marner Sam Reinhart Erik Karlsson Mattias Ekholm
Goaltenders
Starting : Jonathan Quick
Backup : Mike Smith
Extra Forwards
Normal : Jean-Gabriel Pageau, Reilly Smith, Jordan Eberle - PP : Jean-Gabriel Pageau, Reilly Smith - PK : Jordan Eberle
Extra Defensemen
Normal : Chris Tanev, T.J. Brodie, Erik Gudbranson - PP : Chris Tanev - PK : T.J. Brodie, Erik Gudbranson
Penalty Shots
Leon Draisaitl, Mitch Marner, Sam Reinhart, Jeff Carter, Ryan Johansen
St.Louis Blues
5 vs 5 Forward
Center Left Wing Right Wing Time % Phy DF OF
1 Elias Pettersson Jake Guentzel Alex Tuch 40 0 2 3
2 Robert Thomas Alex DeBrincat Tage Thompson 30 1 2 2
3 Jack Eichel Evander Kane Joe Pavelski 20 0 2 3
4 Frederick Gaudreau Jimmy Vesey Ondrej Kase 10 1 3 1
5 vs 5 Defense
Defense Defense Time % Phy DF OF
1 Alex Pietrangelo Colton Parayko 40 1 2 2
2 Morgan Rielly Jonas Brodin 30 1 2 2
3 Danny DeKeyser Niko Mikkola 20 1 2 2
4 Alex Pietrangelo Colton Parayko 10 1 2 2
PowerPlay Forward
Center Left Wing Right Wing Time % Phy DF OF
1 Joe Pavelski Alex Tuch Elias Pettersson 60 1 0 4
2 Robert Thomas Alex DeBrincat Evander Kane 40 1 0 4
PowerPlay Defense
Defense Defense Time % Phy DF OF
1 Morgan Rielly Jake Guentzel 60 0 1 4
2 Tage Thompson Alex Pietrangelo 40 0 1 4
Penalty Kill 4 Players Forward
Center Wing Time % Phy DF OF
1 Frederick Gaudreau Jimmy Vesey 60 1 4 0
2 Robert Thomas Ondrej Kase 40 1 4 0
Penalty Kill 4 Players Defense
Defense Defense Time % Phy DF OF
1 Colton Parayko Danny DeKeyser 60 2 3 0
2 Jonas Brodin Niko Mikkola 40 2 3 0
Penalty Kill - 3 Players Forward
Forward Time % Phy DF OF
1 Frederick Gaudreau 60 0 5 0
2 Robert Thomas 40 0 5 0
Penalty Kill - 3 Players Defense
Defense Defense Time % Phy DF OF
1 Colton Parayko Danny DeKeyser 60 1 4 0
2 Jonas Brodin Niko Mikkola 40 1 4 0
4 vs 4 Forward
Center Wing Time % Phy DF OF
1 Elias Pettersson Alex Tuch 60 0 2 3
2 Robert Thomas Jake Guentzel 40 0 2 3
4 vs 4 Defense
Defense Defense Time % Phy DF OF
1 Alex Pietrangelo Colton Parayko 60 0 3 2
2 Morgan Rielly Jonas Brodin 40 0 3 2
Last Minutes Offensive
Center Left Wing Right Wing Defense Defense
Robert Thomas Elias Pettersson Jake Guentzel Alex Tuch Morgan Rielly
Last Minutes Defensive
Center Left Wing Right Wing Defense Defense
Frederick Gaudreau Jimmy Vesey Ondrej Kase Colton Parayko Alex Pietrangelo
Goaltenders
Starting : Frederik Andersen
Backup : Scott Wedgewood
Extra Forwards
Normal : Tage Thompson, Evander Kane, Frederick Gaudreau - PP : Alex DeBrincat, Jack Eichel - PK : Alex Tuch
Extra Defensemen
Normal : Morgan Rielly, Colton Parayko, Niko Mikkola - PP : Jonas Brodin - PK : Colton Parayko, Alex Pietrangelo
Penalty Shots
Alex DeBrincat, Joe Pavelski, Alex Tuch, Elias Pettersson, Robert Thomas
% Time on Ice - Pittsburgh Penguins
Lines # - Real PCT - Wanted PCT - Time Play
Normal Forward
1 - 35% - 40% - 16:38
2 - 25% - 30% - 11:58
3 - 22% - 20% - 10:40
4 - 18% - 10% - 8:45
Normal Defense
1 - 39% - 40% - 18:53
2 - 31% - 30% - 14:58
3 - 27% - 20% - 12:47
4 - 3% - 10% - 1:23
PP Forward
1 - 64% - 60% - 4:57
2 - 36% - 40% - 2:47
PP Defense
1 - 45% - 60% - 3:29
2 - 55% - 40% - 4:15
PK Forward
1 - 76% - 60% - 3:13
2 - 24% - 40% - 1:02
PK Defense
1 - 61% - 60% - 2:35
2 - 39% - 40% - 1:40
PK3 Forward
1 - 0% - 60%
2 - 0% - 40%
PK3 Defense
1 - 0% - 60%
2 - 0% - 40%
44 Forward
1 - 80% - 60% - 0:44
2 - 20% - 40% - 0:11
44 Defense
1 - 64% - 60% - 0:35
2 - 36% - 40% - 0:20
Last Minute Offensive - 0:00
Last Minute Defensive - 0:00
Total
Forward - 60:55
Defense - 60:55
|
% Time on Ice - St.Louis Blues
Lines # - Real PCT - Wanted PCT - Time Play
Normal Forward
1 - 37% - 40% - 17:32
2 - 23% - 30% - 11:13
3 - 24% - 20% - 11:32
4 - 16% - 10% - 7:44
Normal Defense
1 - 41% - 40% - 19:49
2 - 31% - 30% - 14:42
3 - 25% - 20% - 12:01
4 - 3% - 10% - 1:29
PP Forward
1 - 51% - 60% - 2:11
2 - 49% - 40% - 2:04
PP Defense
1 - 63% - 60% - 2:40
2 - 37% - 40% - 1:35
PK Forward
1 - 61% - 60% - 4:43
2 - 39% - 40% - 3:01
PK Defense
1 - 72% - 60% - 5:35
2 - 28% - 40% - 2:09
PK3 Forward
1 - 0% - 60%
2 - 0% - 40%
PK3 Defense
1 - 0% - 60%
2 - 0% - 40%
44 Forward
1 - 100% - 60% - 0:55
2 - 0% - 40% - 0:00
44 Defense
1 - 75% - 60% - 0:41
2 - 25% - 40% - 0:14
Last Minute Offensive - 0:00
Last Minute Defensive - 0:00
Total
Forward - 60:55
Defense - 60:55
|
Play-by-Play
1st period
0:01 of 1st period - Leon Draisaitl wins face-off versus Elias Pettersson in neutral zone.
0:09 of 1st period - Minor Penalty to Alex Tuch for Tripping.
0:10 of 1st period - Leon Draisaitl wins face-off versus Frederick Gaudreau in St.Louis Blues zone.
0:26 of 1st period - Wrist shot by Leon Draisaitl.
0:26 of 1st period - Shot Misses the Net.
2:09 of 1st period - Penalty to Alex Tuch is over, Alex Tuch is back on ice.
2:16 of 1st period - Snap shot by Jordan Eberle.
2:16 of 1st period - Shot Misses the Net.
2:18 of 1st period - Wrist shot by Colton Sissons.
2:18 of 1st period - Shot Misses the Net.
2:20 of 1st period - Slapshot by Ryan Suter.
2:20 of 1st period - Stopped by Frederik Andersen with a rebound.
2:22 of 1st period - Snap shot by Erik Gudbranson.
2:22 of 1st period - Deflect By Colton Sissons.
2:22 of 1st period - Shot Blocked by Jonas Brodin.
2:22 of 1st period - Puck is out of play.
2:23 of 1st period - Colton Sissons wins face-off versus Jack Eichel in St.Louis Blues zone.
2:36 of 1st period - T.J. Brodie is hit by Jack Eichel and loses puck.
2:47 of 1st period - Jonas Brodin is hit by Erik Gudbranson and loses puck.
2:54 of 1st period - Wrist shot by Jack Eichel.
2:54 of 1st period - Shot Misses the Net.
3:02 of 1st period - Wrist shot by Jack Eichel.
3:02 of 1st period - Shot Blocked by Erik Gudbranson.
3:29 of 1st period - Morgan Rielly is hit by Colton Sissons.
3:33 of 1st period - Jack Eichel is hit by Mattias Ekholm and loses puck.
3:42 of 1st period - Evander Kane is hit by Erik Gudbranson and loses puck.
3:49 of 1st period - Wrist shot by Jordan Eberle.
3:49 of 1st period - Stopped by Frederik Andersen without a rebound.
3:50 of 1st period - Robert Thomas wins face-off versus Leon Draisaitl in St.Louis Blues zone.
4:01 of 1st period - Wrist shot by Alex DeBrincat.
4:01 of 1st period - Shot Misses the Net.
4:03 of 1st period - Wrist shot by Colton Parayko.
4:03 of 1st period - Shot Blocked by Anton Stralman.
4:05 of 1st period - Slapshot by Alex DeBrincat.
4:05 of 1st period - Shot Blocked by Ryan Suter.
4:07 of 1st period - Slapshot by Colton Parayko.
4:07 of 1st period - Stopped by Jonathan Quick with a rebound.
4:21 of 1st period - Snap shot by Jeff Carter.
4:21 of 1st period - Stopped by Frederik Andersen without a rebound.
4:22 of 1st period - Jeff Carter wins face-off versus Elias Pettersson in St.Louis Blues zone.
4:25 of 1st period - Snap shot by Jeff Carter.
4:25 of 1st period - Shot Misses the Net.
4:27 of 1st period - Slapshot by Mattias Ekholm.
4:27 of 1st period - Shot Misses the Net.
4:33 of 1st period - Wrist shot by Jeff Carter.
4:33 of 1st period - Shot Misses the Net.
4:45 of 1st period - Snap shot by Sam Reinhart.
4:45 of 1st period - Shot Blocked by Alex DeBrincat.
5:29 of 1st period - Wrist shot by Ondrej Kase.
5:29 of 1st period - Deflect By Jimmy Vesey.
5:29 of 1st period - Stopped by Jonathan Quick without a rebound.
5:30 of 1st period - Frederick Gaudreau wins face-off versus Leon Draisaitl in Pittsburgh Penguins zone.
5:59 of 1st period - Snap shot by Pavel Buchnevich.
5:59 of 1st period - Stopped by Frederik Andersen with a rebound.
6:01 of 1st period - Snap shot by Jeff Carter.
6:01 of 1st period - Stopped by Frederik Andersen without a rebound.
6:02 of 1st period - Elias Pettersson wins face-off versus Jean-Gabriel Pageau in St.Louis Blues zone.
6:17 of 1st period - Wrist shot by Alex Tuch.
6:17 of 1st period - Stopped by Jonathan Quick with a rebound.
6:19 of 1st period - Minor Penalty to Ryan Suter for Interference.
6:20 of 1st period - Joe Pavelski wins face-off versus Leon Draisaitl in Pittsburgh Penguins zone.
6:35 of 1st period - Snap shot by Alex Tuch.
6:35 of 1st period - Stopped by Jonathan Quick without a rebound.
6:36 of 1st period - Leon Draisaitl wins face-off versus Alex Tuch in Pittsburgh Penguins zone.
8:19 of 1st period - Penalty to Ryan Suter is over, Ryan Suter is back on ice.
8:31 of 1st period - Slapshot by Reilly Smith.
8:31 of 1st period - Shot Misses the Net.
11:10 of 1st period - Slapshot by Sam Reinhart.
11:10 of 1st period - Stopped by Frederik Andersen without a rebound.
11:11 of 1st period - Robert Thomas wins face-off versus Leon Draisaitl in St.Louis Blues zone.
12:17 of 1st period - Snap shot by Ondrej Kase.
12:17 of 1st period - Shot Misses the Net.
12:40 of 1st period - Snap shot by Jordan Eberle.
12:40 of 1st period - Shot Misses the Net.
12:42 of 1st period - Snap shot by Erik Gudbranson.
12:42 of 1st period - Deflect By Jordan Eberle.
12:42 of 1st period - Stopped by Frederik Andersen without a rebound.
12:43 of 1st period - Elias Pettersson wins face-off versus Jeff Carter in St.Louis Blues zone.
12:58 of 1st period - Wrist shot by Pavel Buchnevich.
12:58 of 1st period - Stopped by Frederik Andersen without a rebound.
12:59 of 1st period - Robert Thomas wins face-off versus Leon Draisaitl in St.Louis Blues zone.
13:08 of 1st period - Wrist shot by Alex DeBrincat.
13:08 of 1st period - Shot Misses the Net.
13:10 of 1st period - Slapshot by Colton Parayko.
13:10 of 1st period - Stopped by Jonathan Quick with a rebound.
13:23 of 1st period - Minor Penalty to Leon Draisaitl for Interference.
13:24 of 1st period - Joe Pavelski wins face-off versus Jordan Eberle in Pittsburgh Penguins zone.
13:27 of 1st period - Wrist shot by Elias Pettersson.
13:27 of 1st period - Shot Misses the Net.
13:41 of 1st period - Snap shot by Joe Pavelski.
13:41 of 1st period - Stopped by Jonathan Quick with a rebound.
14:51 of 1st period - Alex DeBrincat is hit by Jeff Carter and loses puck.
15:23 of 1st period - Penalty to Leon Draisaitl is over, Leon Draisaitl is back on ice.
15:36 of 1st period - Wrist shot by Pavel Buchnevich.
15:36 of 1st period - Stopped by Frederik Andersen without a rebound.
15:37 of 1st period - Ryan Johansen wins face-off versus Frederick Gaudreau in St.Louis Blues zone.
15:44 of 1st period - Snap shot by Reilly Smith.
15:44 of 1st period - Deflect By Ryan Johansen.
15:44 of 1st period - Stopped by Frederik Andersen without a rebound.
15:45 of 1st period - Frederick Gaudreau wins face-off versus Ryan Johansen in St.Louis Blues zone.
15:56 of 1st period - Jimmy Vesey is hit by Reilly Smith and loses puck.
17:01 of 1st period - Wrist shot by Ryan Johansen.
17:01 of 1st period - Shot Misses the Net.
17:05 of 1st period - Wrist shot by Ryan Johansen.
17:05 of 1st period - Stopped by Frederik Andersen with a rebound.
17:07 of 1st period - Snap shot by Ryan Johansen.
17:07 of 1st period - Shot Misses the Net.
17:09 of 1st period - Snap shot by Chris Tanev.
17:09 of 1st period - Deflect By Reilly Smith.
17:09 of 1st period - Goal by Reilly Smith - Pittsburgh Penguins : 1 - St.Louis Blues : 0.
17:10 of 1st period - Leon Draisaitl wins face-off versus Elias Pettersson in neutral zone.
17:17 of 1st period - Icing by Jake Guentzel.
17:18 of 1st period - Elias Pettersson wins face-off versus Leon Draisaitl in St.Louis Blues zone.
17:29 of 1st period - Slapshot by Elias Pettersson.
17:29 of 1st period - Shot Misses the Net.
18:27 of 1st period - Wrist shot by Elias Pettersson.
18:27 of 1st period - Stopped by Jonathan Quick with a rebound.
18:56 of 1st period - Snap shot by Mitch Marner.
18:56 of 1st period - Stopped by Frederik Andersen with a rebound.
18:58 of 1st period - Slapshot by Leon Draisaitl.
18:58 of 1st period - Stopped by Frederik Andersen without a rebound.
18:59 of 1st period - Tage Thompson wins face-off versus Jean-Gabriel Pageau in St.Louis Blues zone.
19:06 of 1st period - Snap shot by Robert Thomas.
19:06 of 1st period - Shot Blocked by Pavel Buchnevich.
19:29 of 1st period - Wrist shot by Ryan Johansen.
19:29 of 1st period - Shot Misses the Net.
Goals for this period are 1 for Pittsburgh Penguins vs 0 for St.Louis Blues.
Shots for this period are 14 for Pittsburgh Penguins vs 7 for St.Louis Blues.
2nd period
0:01 of 2nd period - Elias Pettersson wins face-off versus Jean-Gabriel Pageau in neutral zone.
0:10 of 2nd period - Slapshot by Jeff Carter.
0:10 of 2nd period - Shot Misses the Net.
0:53 of 2nd period - Snap shot by Jack Eichel.
0:53 of 2nd period - Stopped by Jonathan Quick with a rebound.
0:55 of 2nd period - Slapshot by Morgan Rielly.
0:55 of 2nd period - Shot Misses the Net.
0:59 of 2nd period - Slapshot by Jack Eichel.
0:59 of 2nd period - Deflect By Joe Pavelski.
0:59 of 2nd period - Stopped by Jonathan Quick with a rebound.
1:09 of 2nd period - Erik Karlsson is hit by Jimmy Vesey and loses puck.
1:18 of 2nd period - Snap shot by Frederick Gaudreau.
1:18 of 2nd period - Shot Blocked by Jean-Gabriel Pageau.
2:34 of 2nd period - Off-side.
2:35 of 2nd period - Frederick Gaudreau wins face-off versus Jean-Gabriel Pageau in neutral zone.
2:42 of 2nd period - Wrist shot by Ondrej Kase.
2:42 of 2nd period - Stopped by Jonathan Quick without a rebound.
2:43 of 2nd period - Leon Draisaitl wins face-off versus Elias Pettersson in Pittsburgh Penguins zone.
2:54 of 2nd period - Slapshot by Mitch Marner.
2:54 of 2nd period - Stopped by Frederik Andersen with a rebound.
3:14 of 2nd period - Snap shot by Pavel Buchnevich.
3:14 of 2nd period - Stopped by Frederik Andersen without a rebound.
3:15 of 2nd period - Jean-Gabriel Pageau wins face-off versus Robert Thomas in St.Louis Blues zone.
3:24 of 2nd period - Slapshot by Jean-Gabriel Pageau.
3:24 of 2nd period - Stopped by Frederik Andersen without a rebound.
3:25 of 2nd period - Jean-Gabriel Pageau wins face-off versus Alex Tuch in St.Louis Blues zone.
4:00 of 2nd period - Wrist shot by Robert Thomas.
4:00 of 2nd period - Stopped by Jonathan Quick without a rebound.
4:01 of 2nd period - Leon Draisaitl wins face-off versus Elias Pettersson in Pittsburgh Penguins zone.
4:16 of 2nd period - Off-side.
4:17 of 2nd period - Robert Thomas wins face-off versus Jean-Gabriel Pageau in neutral zone.
4:24 of 2nd period - Snap shot by Tage Thompson.
4:24 of 2nd period - Stopped by Jonathan Quick with a rebound.
4:26 of 2nd period - Snap shot by Alex Pietrangelo.
4:26 of 2nd period - Shot Blocked by Jean-Gabriel Pageau.
4:28 of 2nd period - Slapshot by Alex Pietrangelo.
4:28 of 2nd period - Shot Misses the Net.
4:30 of 2nd period - Slapshot by Alex Pietrangelo.
4:30 of 2nd period - Shot Misses the Net.
4:34 of 2nd period - Snap shot by Alex DeBrincat.
4:34 of 2nd period - Shot Blocked by Jean-Gabriel Pageau.
4:44 of 2nd period - Alex Pietrangelo is hit by Leon Draisaitl and loses puck.
4:55 of 2nd period - Wrist shot by Sam Reinhart.
4:55 of 2nd period - Shot Misses the Net.
5:13 of 2nd period - Colton Parayko is hit by Blake Coleman and loses puck.
5:50 of 2nd period - Snap shot by Elias Pettersson.
5:50 of 2nd period - Stopped by Jonathan Quick without a rebound.
5:51 of 2nd period - Elias Pettersson wins face-off versus Colton Sissons in Pittsburgh Penguins zone.
6:37 of 2nd period - Snap shot by Colton Sissons.
6:37 of 2nd period - Stopped by Frederik Andersen with a rebound.
6:39 of 2nd period - Wrist shot by Ryan Suter.
6:39 of 2nd period - Shot Misses the Net.
6:45 of 2nd period - Slapshot by Jake Guentzel.
6:45 of 2nd period - Stopped by Jonathan Quick without a rebound.
6:46 of 2nd period - Leon Draisaitl wins face-off versus Robert Thomas in Pittsburgh Penguins zone.
7:13 of 2nd period - Pavel Buchnevich is hit by Evander Kane and loses puck.
7:42 of 2nd period - Ondrej Kase is hit by Ryan Johansen and loses puck.
8:15 of 2nd period - Snap shot by Evander Kane.
8:15 of 2nd period - Stopped by Jonathan Quick with a rebound.
8:43 of 2nd period - Slapshot by Robert Thomas.
8:43 of 2nd period - Shot Misses the Net.
9:11 of 2nd period - Slapshot by Frederick Gaudreau.
9:11 of 2nd period - Stopped by Jonathan Quick without a rebound.
9:12 of 2nd period - Pavel Buchnevich wins face-off versus Elias Pettersson in Pittsburgh Penguins zone.
9:21 of 2nd period - Wrist shot by Jeff Carter.
9:21 of 2nd period - Deflect By Jean-Gabriel Pageau.
9:21 of 2nd period - Stopped by Frederik Andersen without a rebound.
9:22 of 2nd period - Jean-Gabriel Pageau wins face-off versus Elias Pettersson in St.Louis Blues zone.
9:43 of 2nd period - Slapshot by Jake Guentzel.
9:43 of 2nd period - Shot Misses the Net.
9:45 of 2nd period - Wrist shot by Jake Guentzel.
9:45 of 2nd period - Deflect By Jeff Carter.
9:45 of 2nd period - Goal by Jake Guentzel - Pittsburgh Penguins : 1 - St.Louis Blues : 1.
9:46 of 2nd period - Leon Draisaitl wins face-off versus Elias Pettersson in neutral zone.
11:41 of 2nd period - Snap shot by Jean-Gabriel Pageau.
11:41 of 2nd period - Shot Misses the Net.
11:43 of 2nd period - Snap shot by Pavel Buchnevich.
11:43 of 2nd period - Shot Blocked by Danny DeKeyser.
11:45 of 2nd period - Wrist shot by Jeff Carter.
11:45 of 2nd period - Goal by Jeff Carter - Pittsburgh Penguins : 2 - St.Louis Blues : 1.
11:46 of 2nd period - Elias Pettersson wins face-off versus Leon Draisaitl in neutral zone.
11:48 of 2nd period - Minor Penalty to Alex Pietrangelo for Roughing.
11:49 of 2nd period - Frederick Gaudreau wins face-off versus Leon Draisaitl in St.Louis Blues zone.
11:49 of 2nd period - Frederick Gaudreau is hit by Mattias Ekholm.
12:04 of 2nd period - Colton Parayko is hit by Mattias Ekholm and loses puck.
12:19 of 2nd period - Snap shot by Ryan Johansen.
12:19 of 2nd period - Stopped by Frederik Andersen with a rebound.
13:40 of 2nd period - Wrist shot by Robert Thomas.
13:40 of 2nd period - Shot Misses the Net.
13:42 of 2nd period - Wrist shot by Ondrej Kase.
13:42 of 2nd period - Stopped by Jonathan Quick with a rebound.
13:44 of 2nd period - Slapshot by Danny DeKeyser.
13:44 of 2nd period - Stopped by Jonathan Quick without a rebound.
13:45 of 2nd period - Frederick Gaudreau wins face-off versus Leon Draisaitl in Pittsburgh Penguins zone.
13:48 of 2nd period - Penalty to Alex Pietrangelo is over, Alex Pietrangelo is back on ice.
13:54 of 2nd period - Wrist shot by Robert Thomas.
13:54 of 2nd period - Stopped by Jonathan Quick with a rebound.
13:56 of 2nd period - Snap shot by Jonas Brodin.
13:56 of 2nd period - Stopped by Jonathan Quick with a rebound.
13:58 of 2nd period - Wrist shot by Jonas Brodin.
13:58 of 2nd period - Stopped by Jonathan Quick with a rebound.
14:00 of 2nd period - Slapshot by Niko Mikkola.
14:00 of 2nd period - Deflect By Robert Thomas.
14:00 of 2nd period - Shot Misses the Net.
14:00 of 2nd period - Puck is out of play.
14:01 of 2nd period - Robert Thomas wins face-off versus Colton Sissons in Pittsburgh Penguins zone.
14:12 of 2nd period - Slapshot by Colton Sissons.
14:12 of 2nd period - Stopped by Frederik Andersen without a rebound.
14:13 of 2nd period - Leon Draisaitl wins face-off versus Elias Pettersson in St.Louis Blues zone.
14:14 of 2nd period - Slapshot by Mitch Marner.
14:14 of 2nd period - Shot Misses the Net.
14:47 of 2nd period - Wrist shot by Pavel Buchnevich.
14:47 of 2nd period - Shot Blocked by Alex Pietrangelo.
15:00 of 2nd period - Off-side.
15:01 of 2nd period - Colton Sissons wins face-off versus Jack Eichel in neutral zone.
15:24 of 2nd period - Icing by Erik Karlsson.
15:25 of 2nd period - Elias Pettersson wins face-off versus Leon Draisaitl in Pittsburgh Penguins zone.
16:59 of 2nd period - Wrist shot by Pavel Buchnevich.
16:59 of 2nd period - Stopped by Frederik Andersen without a rebound.
17:00 of 2nd period - Jean-Gabriel Pageau wins face-off versus Elias Pettersson in St.Louis Blues zone.
17:52 of 2nd period - Snap shot by Ryan Johansen.
17:52 of 2nd period - Shot Misses the Net.
17:54 of 2nd period - Minor Penalty to Alex Pietrangelo for Tripping.
17:55 of 2nd period - Frederick Gaudreau wins face-off versus Leon Draisaitl in St.Louis Blues zone.
19:29 of 2nd period - Snap shot by Sam Reinhart.
19:29 of 2nd period - Stopped by Frederik Andersen with a rebound.
19:31 of 2nd period - Snap shot by Mitch Marner.
19:31 of 2nd period - Shot Misses the Net.
19:39 of 2nd period - Wrist shot by Sam Reinhart.
19:39 of 2nd period - Stopped by Frederik Andersen with a rebound.
19:41 of 2nd period - Wrist shot by Mitch Marner.
19:41 of 2nd period - Goal by Mitch Marner - Pittsburgh Penguins : 3 - St.Louis Blues : 1.
19:42 of 2nd period - Jean-Gabriel Pageau wins face-off versus Jake Guentzel in neutral zone.
19:52 of 2nd period - Minor Penalty to Jake Guentzel for Kneeing.
19:53 of 2nd period - Jeff Carter wins face-off versus Frederick Gaudreau in St.Louis Blues zone.
Goals for this period are 2 for Pittsburgh Penguins vs 1 for St.Louis Blues.
Shots for this period are 12 for Pittsburgh Penguins vs 15 for St.Louis Blues.
3rd period
0:01 of 3rd period - Frederick Gaudreau wins face-off versus Leon Draisaitl in neutral zone.
0:26 of 3rd period - Danny DeKeyser is hit by Jeff Carter and loses puck.
1:52 of 3rd period - Penalty to Jake Guentzel is over, Jake Guentzel is back on ice.
2:11 of 3rd period - Snap shot by Robert Thomas.
2:11 of 3rd period - Stopped by Jonathan Quick with a rebound.
2:27 of 3rd period - Icing by Ryan Johansen.
2:28 of 3rd period - Jack Eichel wins face-off versus Ryan Johansen in Pittsburgh Penguins zone.
2:33 of 3rd period - Wrist shot by Evander Kane.
2:33 of 3rd period - Shot Misses the Net.
2:49 of 3rd period - Snap shot by Ryan Johansen.
2:49 of 3rd period - Shot Blocked by Jonas Brodin.
3:06 of 3rd period - Snap shot by Evander Kane.
3:06 of 3rd period - Deflect By Jack Eichel.
3:06 of 3rd period - Stopped by Jonathan Quick with a rebound.
3:08 of 3rd period - Wrist shot by Joe Pavelski.
3:08 of 3rd period - Goal by Joe Pavelski - Pittsburgh Penguins : 3 - St.Louis Blues : 2.
3:09 of 3rd period - Leon Draisaitl wins face-off versus Elias Pettersson in neutral zone.
3:18 of 3rd period - Slapshot by Mitch Marner.
3:18 of 3rd period - Stopped by Frederik Andersen without a rebound.
3:19 of 3rd period - Elias Pettersson wins face-off versus Sam Reinhart in St.Louis Blues zone.
3:34 of 3rd period - Snap shot by Elias Pettersson.
3:34 of 3rd period - Stopped by Jonathan Quick with a rebound.
3:43 of 3rd period - Off-side.
3:44 of 3rd period - Jean-Gabriel Pageau wins face-off versus Robert Thomas in neutral zone.
3:49 of 3rd period - Backhand shot by Jean-Gabriel Pageau.
3:49 of 3rd period - Stopped by Frederik Andersen with a rebound.
3:53 of 3rd period - Snap shot by Pavel Buchnevich.
3:53 of 3rd period - Shot Misses the Net.
3:55 of 3rd period - Snap shot by Jeff Carter.
3:55 of 3rd period - Stopped by Frederik Andersen with a rebound.
3:57 of 3rd period - Slapshot by Jeff Carter.
3:57 of 3rd period - Shot Misses the Net.
3:59 of 3rd period - Snap shot by Ryan Suter.
3:59 of 3rd period - Stopped by Frederik Andersen with a rebound.
4:13 of 3rd period - Anton Stralman is hit by Jack Eichel and loses puck.
4:58 of 3rd period - Snap shot by Ondrej Kase.
4:58 of 3rd period - Shot Blocked by Pavel Buchnevich.
6:00 of 3rd period - Snap shot by Elias Pettersson.
6:00 of 3rd period - Stopped by Jonathan Quick without a rebound.
6:01 of 3rd period - Leon Draisaitl wins face-off versus Elias Pettersson in Pittsburgh Penguins zone.
6:01 of 3rd period - Leon Draisaitl is hit by Jake Guentzel.
6:07 of 3rd period - Slapshot by Sam Reinhart.
6:07 of 3rd period - Stopped by Frederik Andersen without a rebound.
6:08 of 3rd period - Leon Draisaitl wins face-off versus Elias Pettersson in St.Louis Blues zone.
6:11 of 3rd period - Wrist shot by Leon Draisaitl.
6:11 of 3rd period - Stopped by Frederik Andersen with a rebound.
6:24 of 3rd period - Icing by Alex Pietrangelo.
6:25 of 3rd period - Jeff Carter wins face-off versus Elias Pettersson in St.Louis Blues zone.
6:28 of 3rd period - Snap shot by Jeff Carter.
6:28 of 3rd period - Shot Misses the Net.
7:17 of 3rd period - Snap shot by Elias Pettersson.
7:17 of 3rd period - Stopped by Jonathan Quick without a rebound.
7:18 of 3rd period - Leon Draisaitl wins face-off versus Tage Thompson in Pittsburgh Penguins zone.
7:28 of 3rd period - Minor Penalty to Leon Draisaitl for Hooking.
7:29 of 3rd period - Jordan Eberle wins face-off versus Robert Thomas in Pittsburgh Penguins zone.
7:45 of 3rd period - Wrist shot by Alex DeBrincat.
7:45 of 3rd period - Goal by Alex DeBrincat - Pittsburgh Penguins : 3 - St.Louis Blues : 3.
7:46 of 3rd period - Leon Draisaitl wins face-off versus Elias Pettersson in neutral zone.
7:59 of 3rd period - Wrist shot by Jake Guentzel.
7:59 of 3rd period - Shot Blocked by Erik Karlsson.
8:28 of 3rd period - Anton Stralman is hit by Jack Eichel and loses puck.
8:39 of 3rd period - Leon Draisaitl is hit by Colton Parayko and loses puck.
8:46 of 3rd period - Slapshot by Alex DeBrincat.
8:46 of 3rd period - Shot Blocked by Leon Draisaitl.
8:48 of 3rd period - Slapshot by Alex Pietrangelo.
8:48 of 3rd period - Stopped by Jonathan Quick without a rebound.
8:49 of 3rd period - Jean-Gabriel Pageau wins face-off versus Elias Pettersson in Pittsburgh Penguins zone.
8:49 of 3rd period - Jean-Gabriel Pageau is hit by Alex Tuch.
8:59 of 3rd period - Wrist shot by Pavel Buchnevich.
8:59 of 3rd period - Stopped by Frederik Andersen with a rebound.
9:57 of 3rd period - Slapshot by Joe Pavelski.
9:57 of 3rd period - Deflect By Evander Kane.
9:57 of 3rd period - Stopped by Jonathan Quick with a rebound.
11:04 of 3rd period - Wrist shot by Alex Tuch.
11:04 of 3rd period - Stopped by Jonathan Quick with a rebound.
11:38 of 3rd period - Erik Karlsson is hit by Ondrej Kase and loses puck.
12:16 of 3rd period - Jack Eichel is hit by Colton Sissons and loses puck.
12:21 of 3rd period - Wrist shot by Colton Sissons.
12:21 of 3rd period - Shot Misses the Net.
12:23 of 3rd period - Slapshot by Jordan Eberle.
12:23 of 3rd period - Deflect By Colton Sissons.
12:23 of 3rd period - Shot Blocked by Colton Parayko.
12:23 of 3rd period - Puck is out of play.
12:24 of 3rd period - Leon Draisaitl wins face-off versus Alex DeBrincat in St.Louis Blues zone.
13:10 of 3rd period - Ryan Johansen is hit by Evander Kane.
13:21 of 3rd period - Blake Coleman is hit by Morgan Rielly and loses puck.
13:34 of 3rd period - Slapshot by Colton Sissons.
13:34 of 3rd period - Shot Misses the Net.
13:36 of 3rd period - Wrist shot by Jordan Eberle.
13:36 of 3rd period - Shot Misses the Net.
13:38 of 3rd period - Snap shot by Erik Gudbranson.
13:38 of 3rd period - Stopped by Frederik Andersen without a rebound.
13:39 of 3rd period - Elias Pettersson wins face-off versus Mitch Marner in St.Louis Blues zone.
14:10 of 3rd period - Anton Stralman is hit by Alex DeBrincat and loses puck.
14:27 of 3rd period - Snap shot by Reilly Smith.
14:27 of 3rd period - Stopped by Frederik Andersen with a rebound.
14:33 of 3rd period - Jack Eichel is hit by Ryan Johansen and loses puck.
14:41 of 3rd period - Icing by Colton Parayko.
14:42 of 3rd period - Ondrej Kase wins face-off versus Colton Sissons in St.Louis Blues zone.
15:31 of 3rd period - Wrist shot by Jack Eichel.
15:31 of 3rd period - Shot Misses the Net.
15:34 of 3rd period - Icing by Erik Karlsson.
15:35 of 3rd period - Jack Eichel wins face-off versus Leon Draisaitl in Pittsburgh Penguins zone.
16:10 of 3rd period - Wrist shot by Joe Pavelski.
16:10 of 3rd period - Stopped by Jonathan Quick with a rebound.
16:12 of 3rd period - Snap shot by Jack Eichel.
16:12 of 3rd period - Shot Misses the Net.
16:20 of 3rd period - Slapshot by Mattias Ekholm.
16:20 of 3rd period - Shot Blocked by Niko Mikkola.
16:34 of 3rd period - Erik Karlsson is hit by Niko Mikkola and loses puck.
16:58 of 3rd period - Off-side.
16:59 of 3rd period - Elias Pettersson wins face-off versus Ryan Johansen in neutral zone.
17:02 of 3rd period - Snap shot by Elias Pettersson.
17:02 of 3rd period - Shot Misses the Net.
17:34 of 3rd period - Snap shot by Jean-Gabriel Pageau.
17:34 of 3rd period - Stopped by Frederik Andersen with a rebound.
18:20 of 3rd period - Wrist shot by Jake Guentzel.
18:20 of 3rd period - Stopped by Jonathan Quick with a rebound.
18:22 of 3rd period - Slapshot by Alex Pietrangelo.
18:22 of 3rd period - Stopped by Jonathan Quick with a rebound.
18:24 of 3rd period - Slapshot by Alex Tuch.
18:24 of 3rd period - Deflect By Elias Pettersson.
18:24 of 3rd period - Shot Misses the Net.
18:24 of 3rd period - Puck is out of play.
18:25 of 3rd period - Ryan Johansen wins face-off versus Robert Thomas in Pittsburgh Penguins zone.
18:37 of 3rd period - Icing by Anton Stralman.
18:38 of 3rd period - Robert Thomas wins face-off versus Ryan Johansen in Pittsburgh Penguins zone.
19:50 of 3rd period - Jake Guentzel is hit by Jean-Gabriel Pageau.
Goals for this period are 0 for Pittsburgh Penguins vs 2 for St.Louis Blues.
Shots for this period are 10 for Pittsburgh Penguins vs 13 for St.Louis Blues.
Overtime #1
0:01 of 1st overtime period - Leon Draisaitl wins face-off versus Elias Pettersson in neutral zone.
0:04 of 1st overtime period - Slapshot by Mattias Ekholm.
0:04 of 1st overtime period - Deflect By Elias Pettersson.
0:04 of 1st overtime period - Stopped by Frederik Andersen without a rebound.
0:05 of 1st overtime period - Elias Pettersson wins face-off versus Leon Draisaitl in St.Louis Blues zone.
0:05 of 1st overtime period - Elias Pettersson is hit by Mitch Marner.
0:49 of 1st overtime period - Slapshot by Ryan Suter.
0:49 of 1st overtime period - Shot Misses the Net.
0:53 of 1st overtime period - Slapshot by Sam Reinhart.
0:53 of 1st overtime period - Shot Misses the Net.
0:55 of 1st overtime period - Wrist shot by Jeff Carter.
0:55 of 1st overtime period - Deflect By Sam Reinhart.
0:55 of 1st overtime period - Goal by Sam Reinhart - Pittsburgh Penguins : 4 - St.Louis Blues : 3.
Goals for this period are 1 for Pittsburgh Penguins vs 0 for St.Louis Blues.
Shots for this period are 2 for Pittsburgh Penguins vs 0 for St.Louis Blues.
Back to the Top